Map: [ESL] Altitude

Players

Firefly

  • Race: Protoss Protoss
  • Spawn Location: 7:00

Coffee - Winner!

  • Race: Terran Terran
  • Spawn Location: 1:00

Event: ESL SC2 Masters 2023 Summer (Regionals)

VOD

Have the link to the VOD?

Description

Time

  • Played on: May 21, 2023, 7:28 a.m.
  • Length: 11:37

All games in this series

Show
View Real Time Build Order
Export as new Build Order

Firefly Protoss 

Build Orders: 1 Gate Expand, Phoenix Opening, Blink Stalkers 

Get SALT Encoding   

  12  0:00  Probe  
  13  0:12  Probe  
  14  0:17  Pylon  
  14  0:24  Probe  
  15  0:36  Gateway  
  15  0:38  Probe (Chrono Boost)  
  16  0:48  Probe (Chrono Boost), Assimilator  
  17  0:53  Probe (Chrono Boost)  
  18  1:05  Probe  
  19  1:21  Nexus  
  19  1:24  Probe  
  20  1:36  Cybernetics Core  
  20  1:38  Probe  
  21  1:44  Assimilator  
  21  1:50  Probe  
  21  1:54  Pylon  
  22  2:02  Probe  
  23  2:12  Sentry (Chrono Boost)  
  23  2:13  Warp Gate  
  23  2:14  Probe  
  26  2:22  Shield Battery  
  26  2:26  Probe (Chrono Boost), Stalker (Chrono Boost)  
  29  2:36  Phoenix  
  30  2:38  Probe (Chrono Boost)  
  30  2:40  Probe (Chrono Boost)  
  31  2:47  Probe (Chrono Boost)  
  31  2:48  Probe (Chrono Boost), Twilight Council  
  33  2:53  Probe (Chrono Boost)  
  33  2:54  Probe  
  35  3:01  Gateway  
  35  3:05  Probe  
  36  3:06  Probe  
  37  3:15  Gateway  
  37  3:17  Probe (Chrono Boost)  
  38  3:21  Blink (Chrono Boost)  
  38  3:23  Probe (Chrono Boost)  
  39  3:29  Probe (Chrono Boost)  
  39  3:31  Robotics Facility  
  41  3:36  Probe x2 (Chrono Boost)  
  42  3:42  Pylon  
  42  3:44  Probe  
  42  3:46  Probe  
  44  3:57  Probe  
  44  3:59  Nexus  
  44  4:02  Pylon  
  45  4:03  Probe  
  45  4:09  Probe  
  47  4:11  Pylon  
  47  4:12  Stalker  
  49  4:17  Stalker  
  49  4:20  Stalker  
  53  4:28  Probe  
  53  4:30  Pylon  
  52  4:32  Probe, Observer (Chrono Boost)  
  52  4:34  Assimilator  
  52  4:35  Assimilator  
  54  4:40  Probe  
  54  4:41  Robotics Bay  
  55  4:47  Forge  
  55  4:49  Probe  
  55  4:52  Probe, Stalker  
  59  5:01  Probe  
  59  5:04  Probe  
  59  5:06  Gateway  
  61  5:07  Gateway  
  61  5:19  Protoss Ground Weapons Level 1  
  61  5:20  Gateway  
  61  5:23  Stalker x2  
  61  5:26  Stalker  
  67  5:31  Pylon  
  61  5:49  Stalker x2  
  63  5:50  Stalker  
  65  6:09  Colossus (Chrono Boost)  
  69  6:22  Stalker x2  
  67  6:29  Stalker  
  67  6:37  Zealot  
  67  6:38  Zealot  
  68  6:45  Observer  
  68  6:46  Probe  
  68  6:47  Probe  
  66  7:00  Warp Prism (Chrono Boost)  
  68  7:04  Nexus  
  68  7:11  Probe  
  68  7:12  Probe, Pylon  
  70  7:17  Charge  
  70  7:19  Extended Thermal Lance  
  70  7:22  Protoss Ground Armor Level 1  
  70  7:29  Pylon  
  70  7:30  Probe  
  70  7:35  Observer  
  72  7:38  Pylon  
  72  7:43  Probe x2 (Chrono Boost)  
  74  7:49  Adept  
  77  7:52  Probe x2 (Chrono Boost)  
  77  7:55  Colossus  
  84  8:00  Probe x2  
  86  8:13  Probe (Chrono Boost)  
  86  8:14  Probe (Chrono Boost)  
  86  8:19  Probe (Chrono Boost)  
  87  8:21  Observer  
  87  8:24  Probe (Chrono Boost)  
  87  8:25  Nexus  
  88  8:30  Probe (Chrono Boost)  
  88  8:31  Probe (Chrono Boost)  
  82  8:37  Probe, Sentry x2  
  82  8:38  Zealot x3, Sentry  
  95  8:47  Probe, Colossus (Chrono Boost)  
  95  8:48  Probe  
  97  8:53  Gateway  
  97  8:55  Gateway, Shield Battery  
  103  9:05  Probe x3  
  103  9:06  Pylon  
  106  9:10  Gateway  
  106  9:11  Gateway  
  106  9:12  Templar Archives  
  106  9:17  Probe x3  
  106  9:21  Pylon  
  106  9:22  Pylon  
  109  9:25  Colossus (Chrono Boost)  
  113  9:36  Zealot x4  
  117  9:39  Zealot x2  
  117  9:42  Photon Cannon  
  121  9:52  High Templar x2  
  125  10:05  Zealot x4, Sentry  
  125  10:06  Archon  
  125  10:07  Zealot x3  
  131  10:24  Zealot x2  
  114  10:29  Zealot x5  
  114  10:33  Stalker x3  
  123  10:43  Pylon  
  123  10:45  Nexus  
  119  10:55  Pylon  
  113  10:57  Pylon  
  113  10:59  Pylon  
  113  11:02  Zealot x3  
  117  11:09  Pylon  
  117  11:14  Zealot  
  117  11:15  Zealot x6  
  115  11:27  Zealot x3  
Show
View Real Time Build Order
Export as new Build Order

Coffee Terran - Winner!

Build Orders: Gas First Reaper Expand 

Get SALT Encoding   

  12  0:00  SCV  
  13  0:12  SCV  
  14  0:17  Supply Depot  
  14  0:24  SCV  
  15  0:29  Refinery  
  15  0:38  SCV  
  16  0:46  Barracks  
  16  0:51  SCV  
  17  1:03  SCV  
  18  1:15  SCV  
  19  1:33  Orbital Command, Reaper  
  20  1:45  Command Center  
  20  1:55  Factory  
  20  1:59  SCV  
  21  2:05  Refinery  
  21  2:07  Barracks Reactor  
  21  2:11  SCV  
  22  2:16  Supply Depot  
  22  2:24  SCV  
  23  2:38  SCV  
  23  2:40  Starport  
  23  2:43  Widow Mine  
  26  2:47  Marine x2  
  26  2:50  SCV  
  29  3:05  Widow Mine, Marine x2  
  33  3:06  SCV  
  33  3:11  Orbital Command  
  34  3:18  Medivac  
  36  3:21  SCV  
  36  3:26  Marine x2  
  39  3:36  SCV  
  39  3:38  SCV  
  39  3:40  Supply Depot  
  41  3:41  Factory Tech Lab  
  41  3:47  Marine x2  
  41  3:48  SCV  
  44  3:53  SCV  
  45  3:58  Supply Depot  
  45  4:02  Liberator  
  48  4:04  Siege Tank  
  51  4:10  SCV x2  
  51  4:12  Marine  
  54  4:19  Marine  
  55  4:28  SCV  
  55  4:30  Marine  
  55  4:33  SCV  
  55  4:37  Marine, Siege Tank  
  60  4:40  SCV  
  60  4:41  Barracks x2  
  60  4:45  SCV, Supply Depot  
  62  4:53  Supply Depot  
  62  5:03  Supply Depot  
  62  5:04  Engineering Bay  
  62  5:06  Liberator, Marine x2, Refinery, SCV x2  
  69  5:18  SCV x2  
  69  5:20  Siege Tank  
  74  5:23  Supply Depot  
  74  5:24  Marine x2  
  76  5:33  SCV, Barracks Tech Lab x2  
  77  5:36  SCV  
  77  5:42  Marine x2  
  80  5:46  SCV  
  77  5:50  Barracks x2, Starport Reactor  
  77  5:52  Siege Tank  
  77  5:56  SCV  
  81  5:58  SCV  
  81  5:59  Supply Depot  
  82  6:05  Marine x2  
  82  6:06  Stimpack, Combat Shield  
  82  6:18  Marauder  
  82  6:19  Marine  
  78  6:27  Marine  
  78  6:28  Marine, Siege Tank  
  78  6:29  SCV x2  
  77  6:37  Marauder  
  68  6:41  Refinery  
  68  6:42  Command Center  
  68  6:45  SCV x2  
  68  6:46  Marine x2  
  66  6:47  Barracks Reactor, Barracks Tech Lab  
  66  6:53  Marauder  
  68  6:57  Terran Infantry Weapons Level 1  
  68  6:59  Marauder  
  68  7:00  SCV x2  
  72  7:04  Supply Depot  
  72  7:06  Marine  
  72  7:07  Marine  
  74  7:09  Marauder  
  78  7:15  Marauder  
  78  7:17  Siege Tank  
  78  7:20  SCV x2  
  83  7:23  Marine  
  83  7:24  Marine  
  83  7:25  Marine x2  
  87  7:31  Medivac x2  
  87  7:37  Marauder x2  
  95  7:38  Marauder  
  95  7:39  SCV x2  
  95  7:42  Marine  
  95  7:43  Marine  
  101  7:44  Marine  
  101  7:45  Marine  
  101  7:49  Siege Tank  
  106  7:53  SCV x2  
  108  8:05  Marine x2, Marauder x2  
  113  8:09  Viking x2  
  113  8:10  SCV x2  
  114  8:21  Orbital Command  
  114  8:22  SCV x2  
  113  8:30  Marine x2, Marauder x2  
  113  8:34  SCV x2  
  113  8:35  Marine x2  
  113  8:37  Marauder  
  119  8:41  Siege Tank  
  119  8:45  Supply Depot  
  119  8:46  SCV, Supply Depot  
  123  8:50  Medivac x2  
  123  8:54  SCV x2  
  129  8:59  SCV  
  132  9:03  Marauder  
  132  9:06  Marauder, Supply Depot  
  132  9:07  Marauder, Supply Depot  
  132  9:08  Terran Infantry Armor Level 1  
  132  9:09  Marine x3  
  138  9:10  Concussive Shells  
  138  9:14  Refinery  
  138  9:15  Refinery  
  139  9:23  Siege Tank  
  141  9:28  Marine  
  141  9:29  Marine x2, Marauder  
  144  9:36  Marine x2  
  145  9:38  Viking  
  145  9:39  SCV x2  
  145  9:43  Supply Depot x2  
  145  9:44  Supply Depot  
  149  9:52  Marine x4  
  151  9:53  Marauder, Supply Depot  
  151  9:55  Marauder  
  156  10:00  Siege Tank  
  156  10:01  Viking  
  156  10:04  Ghost Academy  
  156  10:05  Marine  
  162  10:08  Viking  
  162  10:11  Marauder  
  166  10:14  Marauder  
  166  10:25  Marauder  
  158  10:31  Marine x2  
  158  10:32  Marauder  
  158  10:34  Marine, Siege Tank  
  162  10:36  Marauder  
  157  10:42  Marine  
  157  10:46  Marauder  
  157  10:49  Marine  
  150  10:51  Marine x2  
  150  10:53  Marauder  
  149  10:57  Marauder  
  149  11:02  Marine  
  148  11:06  Marine  
  148  11:08  Marauder  
  150  11:15  Marauder  
  150  11:16  Marine x2  
  150  11:17  SCV  
  158  11:23  SCV x2  
Tags
 
Add a new tag
Caveats
  • Supply blocks, unpowered buildings, or Contaminate may cause inaccurate times.
  • Supply counts are checked every 10 seconds.